 Dungeon Crawl Stone Soup version 0.29.0-4-gdea44cf6ec (webtiles) character file.

Game seed: 11163299139517565239

39913 sanka the Transmogrifier (level 14, -5/84 HPs)
             Began as a Tengu Warper on Aug 27, 2022.
             Was a High Priest of Ru.
             Killed from afar by a lindwurm (26 damage)
             ... with a blast of flame
             ... on level 5 of the Lair of Beasts.
             The game lasted 00:43:51 (26050 turns).

sanka the Transmogrifier (Tengu Warper)            Turns: 26050, Time: 00:43:52

Health: -5/84      AC:  7    Str: 18    XL:     14   Next: 8%
Magic:  0/21       EV: 24    Int: 19    God:    Ru [*****.]
Gold:   2016       SH:  0    Dex: 13    Spells: 19/25 levels left

rFire   . . .      SeeInvis .     - Unarmed
rCold   . . .      Faith    .   (shield currently unavailable)
rNeg    . . .      Spirit   +   R - +2 robe {Archmagi}
rPois   .          Reflect  .   j - +2 hat {Stlth+}
rElec   .          Harm     .   P - +0 cloak
rCorr   .          Rampage  .   (gloves currently unavailable)
Will    +....      Archmagi +   (boots unavailable)
Stlth   ++........              A - amulet of guardian spirit
HPRegen 0.24/turn               x - +6 ring of strength
MPRegen 0.17/turn               z - +4 ring of evasion

@: blade hands (expiring), flying quickly and evasively, quick
A: flying, beak, talons 3, inability to use devices, hated by all, unskilled 1,
nimble flight, low MP 1
a: End Transformation, Renounce Religion, Sacrifice Drink, Sacrifice Stealth,
Sacrifice Essence, Reject Sacrifices, Draw Out Power, Power Leap, Apocalypse


You were on level 5 of the Lair of Beasts.
You worshipped Ru.
Ru was extremely pleased with you.
You had blades for hands.
You visited 3 branches of the dungeon, and saw 17 of its levels.
You also visited: Ossuary.

You collected 2413 gold pieces.
You spent 397 gold pieces at shops.


Innate Abilities, Weirdness & Mutations

You have blades for hands.
You are flying.
Your spellcasting is less reliable in this form.
You are incapable of wielding weapons or throwing items.
You have a beak for a mouth.
You have claws for feet.
You cannot study or use magical devices.
You are hated by all.
You are somewhat unskilled. (-1 Apt)
Your magical nature lets you fly swiftly and evasively.
Your magical capacity is low. (-10% MP)


   Skills:
 - Level 8.0 Fighting
 - Level 0.8 Throwing
 - Level 1.0 Armour
 + Level 12.0 Dodging
 - Level 10.0 Unarmed Combat
 - Level 6.0 Spellcasting
 - Level 2.1 Translocations
 - Level 12.0 Transmutations


You had 19 spell levels left.
You knew the following spells:

 Your Spells              Type           Power      Damage    Failure   Level
e - Apportation           Tloc           42%        N/A       32%         1
z - Blade Hands           Tmut           33%        N/A       22%         5

Your spell library contained the following spells:

 Spells                   Type           Power      Damage    Failure   Level
 Blink                    Tloc           42%        N/A       38%         2
 Necrotise                Necr           32%        1d5       47%         1
 Shock                    Conj/Air       32%        1d5       47%         1
 Gell's Gravitas          Tloc           21%        N/A       54%         3
 Lesser Beckoning         Tloc           21%        N/A       54%         3
 Teleport Other           Tloc           21%        N/A       54%         3
 Portal Projectile        Hex/Tloc       28%        N/A       65%         3
 Alistair's Intoxication  Tmut/Pois      28%        N/A       69%         5
 Swiftness                Air            8%         N/A       75%         3
 Airstrike                Air            4%         2d(1-17)  96%         4
 Leda's Liquefaction      Hex/Erth       4%         N/A       96%         4
 Olgreb's Toxic Radiance  Pois           8%         N/A       96%         4
 Manifold Assault         Tloc           21%        N/A       97%         5
 Ozocubu's Refrigeration  Ice            4%         4d8       100%        7
 Ignition                 Fire           4%         3d4       100%        8
 Summon Small Mammal      Summ           Unusable   N/A       N/A         1
 Call Canine Familiar     Summ           Unusable   N/A       N/A         3
 Tukima's Dance           Hex            Unusable   N/A       N/A         3

Inventory:

Hand Weapons
 b - a +1 scimitar of flaming
Missiles
 c - 5 boomerangs of dispersal {=f}
 l - 9 boomerangs
 N - a curare-tipped dart {=f}
 S - a throwing net {=f}
Armour
 g - a +0 pair of gloves (melded)
 j - a +2 hat of stealth (worn)
 y - the +4 ring mail of Kikubaaqudgha's Scorn {rPois rN+++ Str-2 Stlth-}

   Str:       It affects your strength (-2).
   rPois:     It protects you from poison.
   rN:        It renders you almost immune to negative energy.
   Stlth:     It makes you less stealthy.
 E - +0 steam dragon scales
 M - a +0 troll leather armour
 P - a +0 cloak (worn)
 R - a +2 robe of the Archmagi (worn)
Magical Staves
 U - a staff of air
Jewellery
 n - a +4 ring of slaying
 s - a ring of willpower
 t - a ring of ice
 x - a +6 ring of strength (left blade hand)
 z - a +4 ring of evasion (right blade hand)
 A - an amulet of guardian spirit (around neck)
 H - a ring of willpower
 L - an amulet of regeneration
Scrolls
 a - 3 scrolls of enchant weapon
 d - 2 scrolls of identify {@r1}
 f - 8 scrolls of teleportation {@r4}
 h - 3 scrolls of enchant armour
 k - 4 scrolls of amnesia
 m - 5 scrolls of vulnerability {!r}
 D - 3 scrolls of fog
 F - 2 scrolls of torment {!r}
 G - a scroll of summoning {unknown}
 I - 3 scrolls of magic mapping
 O - 5 scrolls of blinking
 Q - a scroll of noise {unknown}
 T - a scroll of immolation {unknown}
Potions
 e - a potion of degeneration {unknown}
 i - 2 potions of haste {@q3}
 o - 3 potions of mutation {unknown}
 p - 2 potions of brilliance {unknown}
 q - 4 potions of invisibility {unknown}
 r - 3 potions of lignification {!q}
 u - 10 potions of curing {@q1}
 v - a potion of cancellation {unknown}
 w - 7 potions of attraction {unknown}
 B - 3 potions of ambrosia {unknown}
 C - 3 potions of heal wounds {@q2}
 J - 2 potions of resistance
 K - 3 potions of flight {unknown}

Dungeon Overview and Level Annotations

Branches:
Dungeon (11/15)            Temple (1/1) D:5            Lair (5/5) D:10
  Swamp (0/4) Lair:2        Snake (0/4) Lair:3        Slime (0/5) Lair:5
Ossuary (visited)
    Orc: D:9-12

Altars:
Ashenzari
Cheibriados
Dithmenos
Elyvilon
Gozag
Kikubaaqudgha
Makhleb
Nemelex Xobeh
Okawaru
Qazlal
Ru
Sif Muna
Trog
Uskayaw
Vehumet
Wu Jian
Xom
Zin
The Shining One

Shops:
D:1 [   D:4 *   D:5 *   D:7 *

Annotations:
Lair:5 2 runed translucent doors

...... ≈≈≈≈≈ ▒▒..▒..▒
....... ▒▒▒≈≈≈▒ ▒.....▒
.......▒▒≈≈##▒ ≈▒▒▒▒▒.....
......ll.S≈##▒▒▒ ≈≈8▒ ▒....~
..... ▒l..S▒▒8▒▒▒≈#▒▒▒..▒~~
l▒▒..l▒▒≈l..▒..▒8▒.#≈▒▒▒..~~
▒≈≈##▒≈≈≈≈≈▒l....▒.≈≈▒▒▒▒.♣.
≈#..#≈≈≈≈#▒▒........≈#▒ ▒.♣~
≈#▒▒▒▒▒▒≈▒▒Q........≈#▒▒▒...
▒... ▒▒#l..........#≈▒▒▒..
...≈≈#▒... ▒##≈........▒≈#▒
▒.. ......+..
▒#≈≈.......▒▒≈▒▒ ▒..
.#....+.. ▒#≈≈......▒▒▒≈≈▒
▒†. .l.≈≈≈▒ .. £
▒#≈▒.......▒≈≈#▒ ▒.. 8...≈#
...£▒▒≈#▒▒▒....▒▒≈≈▒▒ ▒..
≈...▒
▒▒▒▒▒#≈≈▒...▒8▒8▒#≈≈▒▒▒..
#lh▒
≈≈#≈#≈≈≈..#▒▒▒▒▒▒#▒≈▒▒...


You could see a lindwurm (catching breath) and a wyvern.


Message History

You feel very sick.
* * * LOW HITPOINT WARNING * * *
You feel very sick.
* * * LOW HITPOINT WARNING * * *
You feel very sick.
* * * LOW HITPOINT WARNING * * *
You feel sick.
The lindwurm begins to attack, but is stunned by your conviction!
The lava snake begins to attack, but is stunned by your conviction!
* * * LOW HITPOINT WARNING * * *
You feel sick.
You feel sick. The lindwurm breathes flames at you.
The blast of flame misses you.
You feel sick.
You start resting.
You feel sick.
You feel sick.
You feel sick.
You feel sick.
You feel sick.
You are no longer poisoned.
Unknown command.
Unknown command.
You start resting.
There are monsters nearby!
Your transformation is almost over.
The lindwurm breathes flames at you. The blast of flame hits you!!!
You die...

Action                   |  1- 3 |  4- 6 |  7- 9 | 10-12 | 13-15 || total
-------------------------+-------+-------+-------+-------+-------++-------
Melee: Unarmed           |    79 |   153 |   340 |   912 |   232 ||  1716
       Kick              |    22 |    32 |   106 |   350 |   104 ||   614
       Peck              |    10 |    19 |    49 |   216 |    67 ||   361
       Punch             |     4 |     2 |    16 |    69 |    19 ||   110
       Scimitar          |       |       |       |    21 |    18 ||    39
Throw: Boomerang         |       |     1 |       |     1 |       ||     2
 Cast: Blade Hands       |       |       |       |     3 |    41 ||    44
Invok: Sacrifice Love    |       |       |     1 |       |       ||     1
       Sacrifice Artific |       |       |       |     1 |       ||     1
       Sacrifice Skill   |       |       |       |     1 |       ||     1
       Apocalypse        |       |       |       |       |     1 ||     1
 Abil: End Transformatio |       |       |       |       |     1 ||     1
  Use: Potion            |       |     1 |     2 |     7 |     1 ||    11
       Scroll            |       |     7 |     2 |     7 |     1 ||    17
 Stab: Sleeping          |     1 |     1 |       |       |     2 ||     4
       Distracted        |       |       |       |     4 |     2 ||     6
       Invisible         |       |       |       |     3 |     1 ||     4
       Paralysed         |       |       |       |       |     5 ||     5
Armor: Leather armour    |    25 |    27 |       |       |       ||    52
       Ring mail         |       |     6 |    65 |   137 |     8 ||   216
       Skin              |       |       |       |     1 |       ||     1
       Steam dragon scal |       |       |       |       |    11 ||    11
       Robe              |       |       |       |       |     8 ||     8
Dodge: Dodged            |    40 |    87 |   198 |   649 |   154 ||  1128

Levels and vault maps discovered:
D:1:      mrwooster_arrival_statue_2, layout_basic, serial_shops,
          nicolae_shop_hallway_plus, due_unseen_surprise
D:2:      layout_basic
D:3:      layout_loops_cross, basic_ecumenical_altar, mrwooster_statue_mirror
D:4:      layout_basic, serial_shops, nicolae_shop_trees,
          kennysheep_generic_room_4
D:5:      layout_loops_cross, overflow_temple_1_default, temple_statues,
          serial_shops, nicolae_shop_behind_doors, uniq_duvessa
D:6:      layout_layer_cave, general_overflow_altar, amcnicky_altar_gilded,
          nicolae_ossuary_entry_giza, uniq_edmund, uniq_maggie
D:7:      layout_gridville, kennysheep_path_1, minmay_shop_grid_forest,
          bh_walls_and_bars
D:8:      layout_basic, mainiacjoe_overflow_catwalk,
          mainiacjoe_overflow_large_starburst, grunt_ministairs_14
D:9:      layout_loops_ring, mainiacjoe_overflow_big_doors, enter_bailey_5,
          uniq_erolcha, uniq_maurice
D:10:     layout_basic, dpeg_oklobed_lair, hangedman_fish_farm, uniq_erica
D:11:     layout_loops_ring, nicolae_ru_awakened_eye
Temple:   zaba_magenta_temple
Lair:1:   layout_roguey
Lair:2:   nzn_winding_woodlands_small
          [nzn_winding_woodlands_5x15_river_crossing,
          nzn_winding_woodlands_center_garden,
          nzn_winding_woodlands_5x15_default], layout_loops_ring,
          skrybe_swamp_entry_bodies, kennysheep_abandoned_house,
          infiniplex_staircase_pool_2
Lair:3:   layout_misc_corridors, dummy_snake_entry, serial_bayou_shore_b,
          infiniplex_staircase_pool, uniq_gastronok
Lair:4:   layout_regular_city, serial_bayou, serial_bayou_pond_e,
          serial_bayou_pond_e, serial_bayou_lagoon_b, serial_bayou_pond_b,
          serial_bayou_pond_d
Lair:5:   cheibrodos_lair_end_hotspot, layout_misc_corridors,
          minmay_slime_entry_oklob_enclosed, serial_bayou_pond_e,
          minmay_lair_oklob_items

Notes
Turn   | Place    | Note
-------+----------+-------------------------------------------
     0 | D:1      | sanka the Tengu Warper began the quest for the Orb.
     0 | D:1      | Reached XP level 1. HP: 12/12 MP: 4/4
    81 | D:1      | Reached skill level 3 in Unarmed Combat
    81 | D:1      | Reached XP level 2. HP: 17/17 MP: 6/6
   381 | D:1      | Found Ici Ydea's Antique Armour Emporium.
   553 | D:1      | Reached XP level 3. HP: 21/21 MP: 7/7
   600 | D:1      | Reached skill level 4 in Unarmed Combat
  1134 | D:2      | Reached XP level 4. HP: 13/26 MP: 8/8
  1437 | D:2      | Reached skill level 5 in Unarmed Combat
  1963 | D:2      | Gained mutation: Your magical nature lets you fly swiftly
                  | and evasively. [Tengu growth]
  1963 | D:2      | Reached XP level 5. HP: 26/30 MP: 9/9
  2498 | D:3      | Found a faded altar of an unknown god.
  2760 | D:4      | Reached skill level 6 in Unarmed Combat
  2792 | D:4      | Reached XP level 6. HP: 22/35 MP: 10/10
  2933 | D:4      | Reached skill level 7 in Unarmed Combat
  3007 | D:4      | Found Pausudiz's Assorted Antiques.
  3185 | D:1      | Bought a smoking ring mail for 207 gold pieces
  3185 | D:1      | Identified the +4 ring mail of Kikubaaqudgha's Scorn {rPois
                  | rN+++ Str-2 Stlth-} (You bought it in a shop on level 1 of
                  | the Dungeon)
  3543 | D:5      | Entered Level 5 of the Dungeon
  3570 | D:5      | Found a glowing golden altar of the Shining One.
  3580 | D:5      | Noticed Dowan
  3722 | D:5      | Reached skill level 8 in Unarmed Combat
  3722 | D:5      | Reached XP level 7. HP: 37/40 MP: 9/11
  3993 | D:5      | Noticed Duvessa
  4010 | D:5      | Killed Duvessa
  4011 | D:5      | Reached skill level 9 in Unarmed Combat
  4016 | D:5      | Killed Dowan
  4385 | D:5      | Found Qintirou's Assorted Antiques.
  4445 | D:5      | Found a staircase to the Ecumenical Temple.
  4465 | D:5      | Reached XP level 8. HP: 30/44 MP: 6/12
  4556 | D:5      | Reached skill level 10 in Unarmed Combat
  4633 | Temple   | Entered the Ecumenical Temple
  4718 | Temple   | Became a worshipper of Ru the Awakened
  4976 | D:6      | Reached skill level 3 in Dodging
  5024 | D:6      | Reached skill level 4 in Dodging
  5104 | D:6      | Found an opulent altar of Gozag.
  5223 | D:6      | Reached skill level 5 in Dodging
  5309 | D:6      | Noticed Edmund
  5321 | D:6      | Killed Edmund
  5322 | D:6      | Reached skill level 6 in Dodging
  5333 | D:6      | Identified +0 steam dragon scales
  5333 | D:6      | Noticed Maggie
  5349 | D:6      | Killed Maggie
  5350 | D:6      | Reached skill level 7 in Dodging
  5350 | D:6      | Reached XP level 9. HP: 36/48 MP: 4/13
  5413 | D:6      | Found an ancient bone altar of Kikubaaqudgha.
  5481 | D:6      | Reached skill level 8 in Dodging
  5668 | D:6      | Found a sand-covered staircase.
  5676 | Ossuary  | Entered an ossuary
  5819 | Ossuary  | Reached skill level 9 in Dodging
  6380 | D:6      | Gained mutation: You are hated by all. [Ru sacrifice]
  6380 | D:6      | Reached * piety under Ru
  6380 | D:6      | Reached ** piety under Ru
  6736 | D:7      | Reached skill level 10 in Dodging
  6939 | D:7      | Reached skill level 3 in Fighting
  6954 | D:7      | Found Berheraf's Assorted Antiques.
  6962 | D:7      | Bought 2 potions of heal wounds for 190 gold pieces
  7123 | D:7      | Reached skill level 4 in Fighting
  7287 | D:7      | Reached skill level 5 in Fighting
  7630 | D:7      | Reached skill level 6 in Fighting
  7630 | D:7      | Reached XP level 10. HP: 36/60 MP: 7/14
  8284 | D:8      | Reached skill level 7 in Fighting
  8853 | D:8      | Found an ornate altar of the Wu Jian Council.
  8855 | D:8      | Identified a scroll of acquirement
  8856 | D:8      | Acquired an amulet of faith
  8876 | D:8      | Found a shimmering altar of Xom.
  8901 | D:8      | Found an iron altar of Okawaru.
  8925 | D:8      | Reached skill level 8 in Fighting
  8933 | D:8      | Learned a level 5 spell: Blade Hands
  9167 | D:8      | Reached skill level 1 in Transmutations
  9635 | D:9      | Noticed Maurice
  9657 | D:9      | Gained mutation: You cannot study or use magical devices.
                  | [Ru sacrifice]
  9657 | D:9      | Reached *** piety under Ru
  9670 | D:9      | Killed Maurice
  9702 | D:9      | Found a bloodstained altar of Trog.
  9707 | D:9      | Found a broken altar of Ashenzari.
  9782 | D:8      | Reached skill level 3 in Spellcasting
  9782 | D:8      | Reached skill level 2 in Transmutations
 10388 | D:9      | Reached skill level 4 in Spellcasting
 10388 | D:9      | Reached skill level 3 in Transmutations
 10974 | D:8      | Reached skill level 4 in Transmutations
 11373 | D:9      | Reached skill level 5 in Spellcasting
 11395 | D:9      | Reached XP level 11. HP: 66/68 MP: 19/19
 11523 | D:10     | Entered Level 10 of the Dungeon
 11807 | D:10     | Noticed a catoblepas
 11828 | D:10     | HP: 5/68 [catoblepas (26)]
 11835 | D:10     | HP: 5/68 [catoblepas/blast of calcifying dust (1)]
 11836 | D:10     | Found a staircase to the Lair.
 11848 | D:10     | HP: 5/68 [something/blast of calcifying dust (3)]
 11854 | D:10     | HP: 3/68 [something/blast of calcifying dust (3)]
 12199 | D:9      | Noticed Erolcha
 12222 | D:9      | Killed Erolcha
 12273 | D:10     | Killed a catoblepas
 12274 | D:10     | Reached skill level 6 in Spellcasting
 12274 | D:10     | Reached skill level 5 in Transmutations
 12638 | D:9      | Reached skill level 6 in Transmutations
 12999 | D:10     | Noticed a five-headed hydra
 13019 | D:10     | Identified a +2 robe of the Archmagi
 13019 | D:10     | Noticed Erica
 13026 | D:10     | Killed Erica
 13714 | D:9      | Found a broken altar of Ashenzari.
 13714 | D:9      | Found a bloodstained altar of Trog.
 14056 | D:10     | Killed a one-headed hydra
 14057 | D:10     | Reached skill level 7 in Transmutations
 14426 | D:10     | Gained mutation: You are somewhat unskilled. (-1 Apt) [Ru
                  | sacrifice]
 14426 | D:10     | Reduced skill Fighting to level 7
 14426 | D:10     | Reduced skill Throwing to level 0
 14426 | D:10     | Reduced skill Dodging to level 9
 14426 | D:10     | Reduced skill Unarmed Combat to level 9
 14426 | D:10     | Reduced skill Spellcasting to level 5
 14426 | D:10     | Reduced skill Transmutations to level 6
 14426 | D:10     | Reached **** piety under Ru
 14426 | D:10     | Reached ***** piety under Ru
 14476 | D:11     | Found a sacrificial altar of Ru.
 14871 | D:11     | Noticed a cyclops
 14891 | D:10     | Gained mutation: Your magical capacity is low. (-10% MP)
                  | [mutagenic glow]
 14939 | D:11     | Killed a cyclops
 14940 | D:11     | Reached skill level 7 in Transmutations
 15643 | Lair:1   | Entered Level 1 of the Lair of Beasts
 16044 | Lair:1   | Reached XP level 12. HP: 60/72 MP: 16/19
 16052 | Lair:1   | Reached skill level 8 in Transmutations
 16948 | Lair:1   | Noticed a six-headed hydra
 17183 | Lair:1   | Killed a one-headed hydra
 17603 | Lair:2   | Reached skill level 9 in Transmutations
 17882 | Lair:2   | Reached skill level 6 in Spellcasting
 18769 | Lair:2   | Reached skill level 10 in Transmutations
 19005 | Lair:2   | Found a staircase to the Swamp.
 19032 | Lair:2   | HP: 6/72 [bog body (12)]
 19696 | Lair:3   | Noticed Gastronok
 19711 | Lair:3   | Killed Gastronok
 19922 | Lair:3   | Reached skill level 11 in Transmutations
 19924 | Lair:3   | Reached XP level 13. HP: 76/76 MP: 15/20
 20043 | Lair:3   | Found a staircase to the Snake Pit.
 21172 | Lair:4   | Acquired 1200 gold pieces
 21901 | Lair:4   | Reached skill level 12 in Transmutations
 21954 | Lair:4   | Learned a level 1 spell: Apportation
 22538 | Lair:5   | Entered Level 5 of the Lair of Beasts
 23554 | Lair:5   | Reached skill level 8 in Fighting
 24277 | Lair:5   | Reached skill level 10 in Dodging
 24277 | Lair:5   | Reached skill level 10 in Unarmed Combat
 24675 | Lair:5   | Found a staircase to the Slime Pits.
 24687 | Lair:5   | Reached skill level 11 in Dodging
 24952 | Lair:5   | Found a large runed translucent door.
 24952 | Lair:5   | Found a large runed translucent door.
 24953 | Lair:5   | Noticed a fire dragon
 24991 | Lair:5   | Reached XP level 14. HP: 64/84 MP: 13/21
 26029 | Lair:5   | Reached skill level 12 in Dodging
 26036 | Lair:5   | HP: 8/84 [poisoned by a black mamba]
 26041 | Lair:5   | HP: 4/84 [poisoned by a black mamba]
 26050 | Lair:5   | Killed from afar by a lindwurm

Vanquished Creatures
  Gastronok (Lair:3)
  Erolcha (D:9)
  4 hydras
  Erica (D:10)
  2 catoblepae
  2 bog bodies (Lair:2)
  2 oklob plants (Lair:5)
  A cyclops (D:11)
  11 elephants
  3 molten gargoyles (Lair:5)
  Maurice (D:9)
  8 cane toads
  A gargoyle (D:11)
  5 black mambas
  9 komodo dragons
  Maggie (D:6)
  4 rime drakes
  An unseen horror (D:10)
  A polar bear (Lair:1)
  A troll (D:9)
  A merfolk (D:10)
  5 blink frogs (Lair:2)
  2 hornets
  11 dream sheep (Lair:5)
  A wraith (D:11)
  5 wyverns
  4 basilisks
  32 yaks
  4 steam dragons
  Edmund (D:6)
  7 water moccasins
  Duvessa (D:5)
  5 hell hounds
  5 orc warriors
  A black bear (Lair:2)
  3 ice beasts (D:6)
  A sky beast (D:7)
  4 centaurs
  3 ogres
  10 wolves
  2 kobold brigands
  11 bullfrogs
  A necrophage (D:6)
  7 water moccasin zombies (Ossuary)
  5 scorpions
  9 wights
  Dowan (D:5)
  12 killer bees
  5 electric eels
  3 howler monkeys (D:9)
  4 jellies
  4 lava snakes
  5 hounds
  6 orc priests
  10 orc wizards
  9 hell rats
  3 mummies
  7 river rats (Lair:2)
  11 adders
  4 gnolls
  A shadow imp (D:6)
  A white imp (D:5)
  2 ufetubi
  4 adder zombies (Ossuary)
  A worm (D:2)
  A dart slug (D:1)
  22 orcs
  7 bats
  9 endoplasms
  2 giant cockroaches
  14 goblins
  11 hobgoblins
  20 kobolds
  2 quokkas
  6 ball pythons
  4 frilled lizards
  A gnoll zombie (Ossuary)
  A goblin zombie (D:6)
  8 hobgoblin zombies (Ossuary)
  5 kobold zombies (Ossuary)
  4 orc zombies
  14 rats
  A bush (Lair:5)
426 creatures vanquished.

Vanquished Creatures (others)
  A hydra (Lair:3)
  A cane toad (Lair:5)
  A yak (Lair:4)
  2 wolves
  2 hell rats
  2 orcs (D:8)
  A rat (Lair:2)
  17 fungi
  41 plants
68 creatures vanquished.

Grand Total: 494 creatures vanquished
